Map: [ESL] NeoHumanity

Players

Kas

  • Race: Terran Terran
  • Spawn Location: 5:00

Harstem - Winner!

  • Race: Protoss Protoss
  • Spawn Location: 11:00

Event: ESL SC2 Masters 2023 Summer (Regionals)

VOD

Have the link to the VOD?

Description

Time

  • Played on: May 2, 2023, 10:46 a.m.
  • Length: 17:19

All games in this series

Show
View Real Time Build Order
Export as new Build Order

Kas Terran 

Build Orders:  

Get SALT Encoding   

  12  0:00  SCV  
  13  0:12  SCV  
  14  0:17  Supply Depot  
  14  0:24  SCV  
  15  0:39  SCV  
  15  0:40  Barracks  
  16  0:51  SCV  
  16  0:54  Refinery  
  17  1:03  SCV  
  18  1:15  SCV  
  19  1:27  Orbital Command, Marine  
  20  1:35  Command Center  
  20  1:44  Supply Depot  
  20  1:46  Barracks Reactor  
  21  1:54  SCV  
  21  2:00  Barracks  
  21  2:06  SCV  
  22  2:09  Barracks  
  22  2:15  Bunker  
  22  2:18  SCV  
  23  2:23  Marine x2  
  25  2:30  SCV  
  26  2:41  Marine x2  
  26  2:42  SCV  
  29  2:48  Barracks Tech Lab  
  29  2:49  Orbital Command  
  29  2:54  SCV  
  29  2:58  Barracks Tech Lab  
  30  3:00  Marine x2  
  32  3:06  Stimpack, SCV  
  32  3:08  Marine  
  34  3:15  SCV  
  34  3:17  Marine  
  34  3:18  Marine, SCV  
  34  3:19  Marine  
  39  3:24  Supply Depot  
  39  3:26  Marine  
  40  3:27  SCV  
  40  3:31  SCV, Combat Shield  
  42  3:35  Marine  
  42  3:36  Marine  
  42  3:38  Marine  
  42  3:39  SCV  
  46  3:42  Supply Depot  
  46  3:45  Marine  
  46  3:46  SCV  
  46  3:47  Supply Depot  
  48  3:53  Marine, SCV  
  48  3:54  Marine  
  51  3:56  Marine  
  51  3:58  SCV  
  53  4:03  Marine  
  54  4:10  Marine  
  54  4:11  Marine  
  54  4:14  Marine  
  54  4:15  SCV  
  58  4:17  Factory  
  58  4:20  SCV  
  58  4:22  Supply Depot  
  58  4:23  Marine, Engineering Bay  
  60  4:28  SCV  
  61  4:32  Marine  
  61  4:33  Marine  
  61  4:34  SCV  
  61  4:37  Refinery  
  64  4:39  Refinery  
  64  4:40  SCV, Marine  
  64  4:41  Marine  
  67  4:46  SCV  
  67  4:50  Concussive Shells  
  67  4:52  SCV  
  69  4:58  SCV  
  69  4:59  Command Center  
  68  5:04  SCV  
  68  5:05  Marine  
  64  5:10  SCV  
  64  5:11  Marine x3  
  64  5:12  Starport  
  64  5:16  SCV  
  60  5:21  Factory Reactor  
  60  5:22  SCV  
  60  5:23  Marine  
  60  5:27  Missile Turret  
  60  5:28  SCV  
  60  5:29  Marauder  
  60  5:30  Missile Turret  
  60  5:31  Missile Turret  
  60  5:34  Marine  
  60  5:35  SCV, Supply Depot, Marauder  
  67  5:41  SCV, Marine  
  69  5:47  SCV  
  70  5:50  Marauder  
  70  5:52  Marine  
  70  5:53  SCV  
  74  5:58  Barracks  
  74  5:59  Barracks, Marine  
  74  6:01  Medivac  
  74  6:02  Medivac  
  79  6:06  SCV  
  79  6:07  SCV, Refinery  
  79  6:08  Terran Infantry Weapons Level 1  
  79  6:10  Marine  
  82  6:12  Supply Depot  
  82  6:14  Marauder  
  82  6:15  Marauder  
  86  6:21  Marine  
  86  6:23  SCV  
  86  6:24  Orbital Command  
  88  6:26  SCV  
  88  6:27  Widow Mine, Supply Depot  
  88  6:28  Marine  
  92  6:35  Marauder, SCV  
  92  6:36  Medivac  
  92  6:38  SCV  
  98  6:41  Medivac  
  98  6:43  Marine  
  98  6:45  Orbital Command  
  98  6:46  Marauder, Barracks Tech Lab, Marine  
  104  6:50  Barracks Reactor  
  103  6:55  SCV x2  
  103  6:57  Marauder  
  107  7:02  Supply Depot  
  107  7:06  Marauder  
  107  7:07  SCV, Missile Turret, Ghost Academy, Marauder  
  107  7:08  SCV  
  113  7:10  SCV  
  113  7:13  Viking  
  113  7:14  Marine  
  117  7:20  Supply Depot x2  
  117  7:23  Marine, Refinery, SCV  
  117  7:25  SCV  
  117  7:28  SCV  
  121  7:31  Marauder x2  
  125  7:37  Marine x3  
  125  7:38  SCV x2, Marauder  
  125  7:40  Factory Reactor  
  125  7:42  SCV, Starport  
  125  7:43  Refinery  
  133  7:47  Viking x2  
  133  7:50  Marine  
  138  7:52  SCV, Marine  
  124  8:01  Marauder x2  
  124  8:02  Marine x3  
  127  8:07  SCV x2  
  127  8:10  Marauder  
  131  8:15  Command Center  
  131  8:18  Viking x2  
  135  8:21  Marine x2  
  135  8:24  Ghost  
  135  8:25  Marine, Supply Depot x2  
  135  8:26  Marine  
  141  8:29  Viking  
  141  8:31  Viking  
  141  8:33  Ghost  
  145  8:35  Ghost  
  149  8:45  Supply Depot x2  
  149  8:46  SCV x3  
  149  8:47  Terran Infantry Armor Level 1  
  152  8:54  Marauder  
  152  8:55  Viking x2  
  156  8:58  Marine x2  
  156  8:59  Marine x2  
  160  9:07  Marauder x2  
  160  9:09  SCV x3  
  167  9:14  Missile Turret  
  167  9:15  Marine  
  168  9:17  Armory  
  168  9:18  Engineering Bay  
  168  9:20  Marine x2  
  168  9:21  SCV x2  
  172  9:27  SCV  
  144  9:45  Viking  
  144  9:46  Viking x2  
  144  9:47  Marine x4, Marauder x2  
  144  9:52  Planetary Fortress  
  153  9:53  SCV x2  
  153  9:56  Refinery  
  153  9:58  Barracks  
  155  10:00  Barracks x2, Marauder  
  155  10:04  Terran Infantry Weapons Level 2, Marine, Factory Reactor  
  155  10:06  SCV  
  155  10:07  SCV  
  160  10:08  Marauder  
  160  10:12  SCV  
  163  10:15  Ghost  
  163  10:17  Refinery  
  163  10:19  SCV  
  163  10:21  Ghost  
  166  10:22  Terran Ship Weapons Level 1  
  166  10:23  Marine  
  166  10:26  Medivac  
  171  10:29  Marauder  
  171  10:30  Marine  
  170  10:45  Marauder  
  166  10:50  Marauder  
  166  10:51  Marauder  
  166  10:52  Medivac x2  
  166  10:53  Barracks Tech Lab x2  
  166  10:54  Marine x4, Barracks Reactor  
  166  10:56  Widow Mine x2  
  182  11:06  Marauder  
  182  11:08  Command Center  
  182  11:10  Command Center  
  184  11:11  Marauder  
  184  11:12  Marine, Marauder  
  178  11:20  Marine, Marauder  
  178  11:21  Marauder  
  178  11:23  Marine  
  178  11:24  Marine  
  178  11:26  Widow Mine x2, Medivac x2  
  178  11:27  Marauder, Medivac x2  
  178  11:29  Marine  
  195  11:33  Marauder, Marine x3  
  195  11:37  Terran Infantry Armor Level 2  
  198  11:42  Marauder  
  200  11:59  Command Center  
  200  12:00  Command Center  
  173  12:23  Marine  
  173  12:24  Marine, Marauder x2  
  168  12:30  Marine x5, Marauder x2  
  168  12:31  Viking x3  
  168  12:32  Viking  
  174  12:41  Marine x2  
  176  12:45  Marine, Marauder  
  176  12:48  Marine x4, Marauder  
  176  12:51  Ghost x2  
  169  12:55  Widow Mine x2  
  177  12:59  Marine x2  
  177  13:02  Missile Turret, Ghost  
  179  13:05  Marine, Viking  
  179  13:06  Marine x3, Viking x3, Ghost  
  179  13:07  Planetary Fortress  
  179  13:08  Terran Ship Weapons Level 2  
  179  13:09  Ghost  
  179  13:10  Terran Infantry Weapons Level 3  
  179  13:11  Planetary Fortress  
  179  13:12  Missile Turret  
  195  13:13  Missile Turret  
  195  13:14  SCV  
  195  13:16  Orbital Command x2  
  195  13:17  SCV  
  195  13:19  Ghost  
  198  13:27  Missile Turret  
  198  13:28  Missile Turret  
  198  13:31  Ghost x2  
  198  13:34  SCV x4  
  196  13:45  Marauder x2  
  192  14:01  Liberator  
  147  14:13  Marine, Marauder x2  
  140  14:17  Marine, Ghost  
  140  14:18  Marine x6  
  140  14:19  Liberator x2  
  149  14:29  Terran Infantry Armor Level 3  
  149  14:31  Marine  
  148  14:34  Marine x2  
  148  14:35  Marine x3, Ghost x2  
  148  14:36  Marine x2  
  148  14:37  Widow Mine, Viking  
  148  14:38  Widow Mine  
  159  14:41  Starport x2  
  159  14:44  Viking  
  159  14:46  Marine, SCV x2  
  159  14:47  SCV x2  
  159  14:49  Marine  
  159  14:52  Marine x2  
  167  14:53  Marine x3  
  167  14:54  Marine x2  
  167  14:55  Command Center  
  167  14:56  SCV x4  
  167  14:58  SCV  
  167  14:59  SCV  
  178  15:01  Liberator  
  178  15:03  Ghost  
  178  15:04  Ghost x2  
  178  15:06  Marine  
  188  15:08  SCV  
  188  15:09  Widow Mine, Ghost  
  188  15:10  Marauder  
  188  15:11  Marine, Viking  
  198  15:20  SCV  
  199  15:28  Starport Tech Lab  
  199  15:31  Fusion Core  
  199  15:32  SCV  
  200  15:37  Starport  
  200  15:38  Starport  
  200  15:46  Starport Tech Lab  
  195  16:02  Viking  
  157  16:08  Liberator x5  
  157  16:10  Widow Mine x2  
  147  16:13  Marine x11  
  154  16:20  Refinery  
  154  16:21  SCV, Refinery, Planetary Fortress  
  154  16:22  Refinery x2  
  154  16:24  Refinery  
  155  16:30  Marine  
  155  16:31  Marine x9  
  155  16:32  Liberator, Marine  
  168  16:35  Widow Mine x2  
  151  16:48  Marine x2  
  151  16:49  Marine x8  
  151  16:50  Marine  
Show
View Real Time Build Order
Export as new Build Order

Harstem Protoss - Winner!

Build Orders: 1 Gate Expand, Phoenix Opening, Carriers, Colossus Rush 

Get SALT Encoding   

  12  0:00  Probe  
  13  0:12  Probe  
  14  0:17  Pylon  
  14  0:24  Probe (Chrono Boost)  
  15  0:36  Probe (Chrono Boost)  
  15  0:37  Gateway  
  16  0:44  Probe (Chrono Boost)  
  16  0:45  Assimilator  
  17  0:51  Probe  
  18  1:03  Probe  
  19  1:15  Probe  
  20  1:24  Cybernetics Core  
  20  1:32  Nexus  
  20  1:40  Pylon  
  20  1:42  Probe  
  21  1:48  Assimilator  
  21  1:54  Probe  
  21  1:58  Adept (Chrono Boost)  
  24  2:07  Probe  
  25  2:16  Stargate  
  25  2:18  Adept (Chrono Boost)  
  25  2:19  Probe  
  28  2:30  Warp Gate  
  28  2:31  Probe  
  29  2:43  Probe (Chrono Boost)  
  30  2:49  Probe (Chrono Boost)  
  32  2:59  Phoenix  
  32  3:01  Probe x2 (Chrono Boost)  
  35  3:06  Probe (Chrono Boost)  
  35  3:08  Probe (Chrono Boost), Robotics Facility  
  37  3:16  Probe (Chrono Boost)  
  37  3:19  Pylon  
  39  3:24  Probe (Chrono Boost), Assimilator  
  40  3:28  Phoenix, Probe (Chrono Boost)  
  40  3:33  Probe (Chrono Boost)  
  40  3:34  Probe (Chrono Boost), Assimilator  
  44  3:42  Probe  
  44  3:43  Probe  
  44  3:46  Gateway  
  46  3:54  Probe  
  47  3:55  Probe  
  47  3:57  Robotics Bay  
  48  4:05  Shield Battery  
  48  4:06  Probe  
  49  4:10  Pylon  
  49  4:12  Immortal (Chrono Boost)  
  49  4:15  Probe  
  54  4:23  Pylon  
  54  4:32  Probe, Sentry  
  54  4:35  Probe  
  54  4:37  Pylon  
  58  4:44  Probe, Colossus (Chrono Boost)  
  59  4:46  Zealot  
  59  4:49  Pylon  
  67  4:54  Probe  
  65  5:02  Stalker  
  65  5:04  Probe  
  65  5:06  Probe  
  53  5:08  Stalker  
  43  5:16  Probe  
  43  5:18  Probe  
  43  5:26  Sentry  
  45  5:29  Probe  
  45  5:30  Probe, Colossus (Chrono Boost)  
  53  5:41  Probe  
  54  5:43  Probe  
  54  5:46  Extended Thermal Lance  
  55  5:55  Probe (Chrono Boost)  
  57  5:57  Probe (Chrono Boost)  
  58  6:04  Probe (Chrono Boost)  
  58  6:07  Probe (Chrono Boost)  
  58  6:09  Probe (Chrono Boost)  
  59  6:14  Zealot  
  59  6:17  Probe  
  63  6:19  Colossus (Chrono Boost)  
  63  6:21  Probe  
  70  6:29  Probe  
  71  6:34  Nexus  
  71  6:35  Probe  
  71  6:37  Pylon  
  72  6:41  Phoenix (Chrono Boost)  
  72  6:43  Probe  
  72  6:45  Sentry  
  77  6:48  Probe  
  78  6:55  Probe, Pylon  
  78  7:00  Probe  
  80  7:03  Phoenix (Chrono Boost)  
  80  7:06  Observer  
  80  7:07  Probe, Shield Battery  
  84  7:09  Shield Battery  
  84  7:12  Probe  
  85  7:21  Phoenix  
  85  7:22  Probe (Chrono Boost), Zealot  
  90  7:24  Probe (Chrono Boost)  
  91  7:30  Stargate  
  91  7:33  Pylon  
  91  7:35  Probe (Chrono Boost)  
  91  7:36  Probe (Chrono Boost)  
  93  7:38  Disruptor  
  93  7:39  Probe (Chrono Boost)  
  93  7:43  Probe  
  98  7:45  Zealot  
  98  7:51  Probe  
  95  7:59  Probe  
  95  8:01  Phoenix (Chrono Boost)  
  95  8:02  Probe  
  95  8:05  Probe  
  98  8:06  Zealot x2  
  98  8:09  Assimilator  
  98  8:11  Probe  
  103  8:14  Probe  
  103  8:17  Probe  
  107  8:20  Phoenix (Chrono Boost)  
  107  8:21  Disruptor (Chrono Boost)  
  107  8:23  Probe  
  107  8:25  Assimilator  
  107  8:26  Protoss Air Weapons Level 1 (Chrono Boost)  
  107  8:27  Probe  
  112  8:29  Probe, Forge  
  112  8:30  Sentry  
  112  8:32  Shield Battery  
  115  8:36  Phoenix  
  115  8:39  Probe  
  118  8:43  Pylon  
  118  8:45  Pylon  
  118  8:46  Phoenix (Chrono Boost)  
  118  8:48  Probe  
  119  8:51  Observer  
  119  9:00  Phoenix (Chrono Boost)  
  121  9:05  Zealot x2  
  121  9:07  Photon Cannon  
  127  9:11  Shield Battery  
  127  9:12  Phoenix (Chrono Boost)  
  127  9:19  Disruptor  
  127  9:22  Nexus  
  130  9:27  Phoenix  
  130  9:40  Phoenix  
  130  9:45  Zealot x2  
  128  9:47  Probe  
  128  9:48  Probe  
  128  9:50  Probe  
  128  9:52  Phoenix  
  133  9:55  Fleet Beacon  
  133  9:59  Probe, Pylon  
  134  10:00  Probe  
  134  10:01  Assimilator  
  134  10:02  Stargate  
  134  10:03  Photon Cannon  
  134  10:04  Disruptor (Chrono Boost)  
  134  10:05  Phoenix  
  137  10:07  Photon Cannon  
  137  10:10  Pylon  
  137  10:13  Pylon  
  140  10:18  Assimilator  
  140  10:20  Photon Cannon, Shield Battery  
  140  10:24  Probe  
  141  10:33  Zealot, Sentry  
  143  10:36  Probe  
  143  10:37  Observer  
  143  10:39  Disruptor  
  142  10:45  Phoenix  
  142  10:49  Phoenix  
  138  10:50  Anion Pulse-Crystals (Chrono Boost)  
  138  10:51  Phoenix  
  138  10:55  Probe x2  
  140  10:57  Pylon  
  140  10:59  Zealot x2  
  140  11:00  Shield Battery  
  144  11:10  Phoenix  
  146  11:15  Disruptor  
  146  11:18  Phoenix x2  
  153  11:24  Probe  
  154  11:27  Photon Cannon  
  154  11:28  Observer  
  154  11:30  Photon Cannon  
  154  11:31  Pylon  
  154  11:32  Photon Cannon  
  154  11:34  Probe  
  154  11:35  Probe, Protoss Air Weapons Level 2 (Chrono Boost)  
  162  11:40  Carrier (Chrono Boost)  
  162  11:43  Phoenix x2 (Chrono Boost)  
  164  12:01  Photon Cannon, Carrier (Chrono Boost)  
  169  12:03  Photon Cannon  
  169  12:05  Photon Cannon  
  157  12:27  Colossus  
  142  12:37  Probe x3  
  142  12:39  Observer  
  142  12:40  Zealot x2  
  150  12:46  Carrier x2 (Chrono Boost)  
  150  12:49  Probe x3  
  150  12:50  Nexus  
  151  13:07  Photon Cannon  
  151  13:09  Shield Battery  
  151  13:10  Carrier (Chrono Boost)  
  151  13:12  Sentry  
  159  13:17  Pylon  
  159  13:20  Observer  
  159  13:21  Photon Cannon  
  159  13:23  Pylon  
  159  13:24  Shield Battery  
  159  13:26  Pylon  
  165  13:43  Disruptor  
  165  13:45  Carrier (Chrono Boost)  
  166  13:53  Zealot x2  
  169  13:56  Protoss Air Weapons Level 3 (Chrono Boost)  
  139  14:19  Disruptor  
  142  14:24  Probe x2  
  142  14:25  Zealot x2  
  142  14:26  Probe  
  142  14:27  Probe  
  148  14:34  Observer  
  148  14:36  Probe x2  
  147  14:38  Probe  
  147  14:39  Probe  
  147  14:40  Carrier (Chrono Boost)  
  153  14:51  Carrier (Chrono Boost)  
  153  14:52  Sentry  
  161  14:55  Disruptor (Chrono Boost), Assimilator  
  164  15:05  Observer  
  164  15:06  Pylon  
  164  15:09  Shield Battery  
  164  15:11  Observer  
  164  15:15  Carrier (Chrono Boost)  
  170  15:23  Observer (Chrono Boost), Photon Cannon  
  171  15:31  Carrier (Chrono Boost)  
  174  16:02  Observer, Carrier  
  152  16:13  Carrier, Colossus (Chrono Boost)  
  164  16:23  Photon Cannon  
  164  16:24  Photon Cannon  
  164  16:25  Photon Cannon  
Tags
 
Add a new tag
Caveats
  • Supply blocks, unpowered buildings, or Contaminate may cause inaccurate times.
  • Supply counts are checked every 10 seconds.